 Seeded DCSS version 0.29-a0-23-ga79f92ac9c (webtiles) character file.

Game seed: 10000000000011 (custom seed)

12644 knot the Cleaver (level 11, -6/75 HPs)
             Began as a Demonspawn Berserker on Jan 31, 2022.
             Was a Believer of Trog.
             Mangled by a three-headed hydra (8 damage)
             ... on level 1 of the Lair of Beasts.
             The game lasted 00:21:23 (17026 turns).

knot the Cleaver (Demonspawn Berserker)            Turns: 17026, Time: 00:21:24

Health: -6/75      AC: 12    Str: 18    XL:     11   Next: 65%
Magic:  0/11       EV:  8    Int: 13    God:    Trog [**....]
Gold:   375        SH:  5    Dex: 12    Spells: 10/10 levels left

rFire   . . .      SeeInvis .   s - +3 scimitar (flame)
rCold   + . .      Faith    .   (no shield)
rNeg    . . .      Spirit   +   L - +1 chain mail of Urghimes {Fly rPois rC+ Slay-2 Stlth+}
rPois   +          Reflect  +   K - +0 helmet
rElec   .          Harm     .   F - +1 cloak {Stlth+}
rCorr   .          Rampage  .   (gloves unavailable)
Will    .....                   (no boots)
Stlth   +.........              d - amulet of reflection
HPRegen 0.22/turn               (no ring)
MPRegen 0.24/turn               (no ring)

@: on berserk cooldown, flying, slowed, very slow
A: powered by death 1, magic shield, magic regeneration, sturdy frame 1, demonic
touch 3
a: Renounce Religion, Berserk, Trog's Hand


You were on level 1 of the Lair of Beasts.
You worshipped Trog.
Trog was pleased with you.
You visited 3 branches of the dungeon, and saw 13 of its levels.

You collected 715 gold pieces.
You spent 340 gold pieces at shops.

Inventory:

Hand Weapons
 e - a +2 hand axe
 s - a +3 scimitar of flaming (weapon)
 B - a +0 battleaxe
Missiles
 f - 255 stones (quivered)
 j - 9 boomerangs
 u - 36 sling bullets
 x - a curare-tipped dart
Armour
 g - the +3 hat of Pondering {ponderous, Will+ MP+10 Int+5}
   (You found it on level 8 of the Dungeon)

   Int:       It affects your intelligence (+5).
   MP:        It affects your magic capacity (+10).
   Will:      It increases your willpower.
 w - a +2 robe of cold resistance
 y - a +2 robe of fire resistance
 D - +0 acid dragon scales
 F - a +1 cloak of stealth (worn)
 K - a +0 helmet (worn)
 L - the +1 chain mail of Urghimes (worn) {Fly rPois rC+ Slay-2 Stlth+}
   (You bought it in a shop on level 3 of the Dungeon)

   Slay:      It affects your accuracy & damage with ranged weapons and melee
   (-2).
   rC:        It protects you from cold.
   rPois:     It protects you from poison.
   Fly:       It grants you flight.
   Stlth:     It makes you more stealthy.
Jewellery
 d - an amulet of reflection (around neck)
 z - a ring of willpower
Wands
 h - a wand of paralysis (1)
 i - a wand of flame (20)
 n - a wand of polymorph (5)
 r - a wand of iceblast (14)
 H - a wand of digging (4)
Scrolls
 b - 3 scrolls of blinking
 c - 2 scrolls of amnesia
 m - a scroll of fear {unknown}
 o - 2 scrolls of fog
 p - 2 scrolls of holy word
 q - 3 scrolls of teleportation
 v - a scroll of magic mapping {unknown}
 C - a scroll of summoning
 E - a scroll of torment {unknown}
 I - a scroll of vulnerability {unknown}
 N - a scroll of brand weapon {unknown}
Potions
 k - a potion of berserk rage
 t - a potion of resistance
 A - 3 potions of curing
 G - a potion of ambrosia
 J - a potion of flight


   Skills:
 - Level 3.0 Fighting
 * Level 14.0 Axes
 * Level 10.3 Throwing
 - Level 1.7 Armour
 - Level 1.7 Dodging


You had 10 spell levels left.
You didn't know any spells.
Your spell library contained the following spells:

 Spells                   Type           Power      Damage    Failure   Level
 Pain                     Necr           0%         1d4       92%         1
 Corpse Rot               Necr/Air       0%         N/A       98%         2
 Ensorcelled Hibernation  Hex/Ice        0%         N/A       98%         2
 Passwall                 Tmut/Erth      0%         N/A       98%         2
 Poisonous Vapours        Pois/Air       0%         N/A       98%         2
 Ozocubu's Armour         Ice            0%         N/A       100%        3
 Summon Guardian Golem    Hex/Summ       0%         N/A       100%        3
 Swiftness                Air            0%         N/A       100%        3
 Tukima's Dance           Hex            0%         N/A       100%        3
 Anguish                  Hex/Necr       0%         N/A       100%        4
 Agony                    Necr           0%         N/A       100%        5
 Excruciating Wounds      Necr           0%         N/A       100%        5
 Metabolic Englaciation   Hex/Ice        0%         N/A       100%        5
 Simulacrum               Ice/Necr       0%         N/A       100%        6
 Enfeeble                 Hex            0%         N/A       100%        7
 Orb of Destruction       Conj           0%         9d5       100%        7
 Spellforged Servitor     Conj/Summ      0%         N/A       100%        7


Dungeon Overview and Level Annotations

Branches:
Dungeon (10/15)            Temple (1/1) D:4            Lair (2/6) D:9
  Swamp: Lair:2-4    Shoals: Lair:2-4     Snake: Lair:2-4    Spider: Lair:2-4
    Orc: D:9-12

Altars:
Elyvilon
Hepliaklqana
Kikubaaqudgha
Nemelex Xobeh
Okawaru
Qazlal
Ru
Uskayaw
Wu Jian
Xom

Shops:
D:3 [   D:8 :


Innate Abilities, Weirdness & Mutations

You regenerate a little health from kills.
When hurt, damage is shared between your health and your magic reserves.
You regenerate magic rapidly.
Your movements are slightly less encumbered by armour. (ER -2)
Your touch may irresistibly damage your foes and sap their willpower.


Message History

You barely miss the five-headed hydra.
You touch the five-headed hydra!
You sap its willpower!
You punch the five-headed hydra.
The five-headed hydra is lightly wounded.
The blink frog blinks!
The five-headed hydra bites you but does no damage.
The five-headed hydra completely misses you.
The five-headed hydra bites you! x2
* * * LOW HITPOINT WARNING * * *
The five-headed hydra barely misses you.
The blink frog blinks!
You hack one of the five-headed hydra's heads off!
The flame cauterises the wound!
You slash the four-headed hydra! You burn the four-headed hydra.
The four-headed hydra is moderately wounded.
The blink frog blinks! x2
You block the four-headed hydra's attack.
The four-headed hydra bites you!
* * * LOW HITPOINT WARNING * * *
The four-headed hydra bites you!
* * * LOW HITPOINT WARNING * * *
The four-headed hydra bites you.
* * * LOW HITPOINT WARNING * * *
You chop one of the four-headed hydra's heads off!
The flame cauterises the wound!
You slash the three-headed hydra! You burn the three-headed hydra.
The three-headed hydra is heavily wounded.
The three-headed hydra bites you.
* * * LOW HITPOINT WARNING * * *
The three-headed hydra bites you but does no damage.
The three-headed hydra closely misses you.
The blink frog blinks!
You barely miss the three-headed hydra.
The three-headed hydra is heavily wounded.
You are no longer berserk.
You are exhausted.
You feel yourself slow down. The three-headed hydra bites you.
* * * LOW HITPOINT WARNING * * *
The three-headed hydra bites you but does no damage.
The three-headed hydra bites you!
You die...

.. #... #...###....# ####....#
P..#... #...# #....# ##...P
....... #...# #....# #....
.......###...###....### #...#
..............##....#.######.<.P
P............##.................
..♣#.........##P................
#....([...###...#.#...#.#....
.P.....(.÷>..D@...#########....
...........(..F...# #....
...............F...# #....
..###..............# #....
#......F....F.§#########....
#...(.......................
.............................
...................).........
#########....


You could see a three-headed hydra (weak-willed) and 4 blink frogs.

Vanquished Creatures
  A hydra (Lair:2)
  Harold (D:8)
  Erica (D:8)
  A two-headed ogre (D:8)
  The ghost of arthad the Magician, a novice GnWr of Hepliaklqana (D:8)
  A black mamba (Lair:1)
  4 cane toads
  A komodo dragon (Lair:1)
  A kobold demonologist (D:5)
  A troll (D:10)
  A polar bear (D:10)
  A raiju (D:10)
  Prince Ribbit (D:8)
  5 blink frogs
  7 yaks
  A wraith (D:10)
  A basilisk (Lair:1)
  An acid dragon (D:9)
  2 water moccasins
  Duvessa (D:4)
  3 orc warriors
  A black bear (D:5)
  A necrophage (D:6)
  An ice beast (D:7)
  4 ogres
  A centaur (D:8)
  11 wolves (Lair:2)
  A boggart (D:4)
  A phantom (D:6)
  A kobold brigand (D:7)
  6 scorpions
  2 wyvern zombies (D:7)
  2 bullfrogs
  A wyvern skeleton (D:7)
  8 killer bees (D:9)
  9 wights
  5 howler monkeys
  3 centaur zombies
  3 orc priests
  3 hounds
  2 jellies
  2 bullfrog skeletons
  3 centaur skeletons
  Ijyb (D:4)
  4 orc wizards
  A scorpion zombie (D:5)
  7 adders
  A shadow imp (D:7)
  A white imp (D:5)
  20 orcs
  6 endoplasms
  2 giant cockroaches
  5 goblins
  5 hobgoblins
  14 jackals
  A quokka (D:4)
  4 ball pythons
  7 bats
  5 frilled lizards
  7 kobolds
  5 rats
204 creatures vanquished.

Vanquished Creatures (others)
  9 fungi
  6 plants
15 creatures vanquished.

Grand Total: 219 creatures vanquished

Notes
Turn   | Place    | Note
-------+----------+-------------------------------------------
     0 | D:1      | knot the Demonspawn Berserker began the quest for the Orb.
     0 | D:1      | Reached XP level 1. HP: 18/18 MP: 1/1
    49 | D:1      | Reached skill level 3 in Axes
   159 | D:1      | Gained mutation: You regenerate magic rapidly. [demonic
                  | ancestry]
   159 | D:1      | Reached XP level 2. HP: 9/24 MP: 2/2
  1159 | D:2      | Reached skill level 4 in Axes
  1159 | D:2      | Gained mutation: Your touch may inflict minor irresistible
                  | damage on your foes. [demonic ancestry]
  1159 | D:2      | Reached XP level 3. HP: 24/29 MP: 3/3
  1391 | D:2      | Reached ** piety under Trog
  1701 | D:2      | Reached XP level 4. HP: 25/35 MP: 4/4
  2697 | D:3      | Noticed an ogre
  2703 | D:3      | Killed an ogre
  2704 | D:3      | Reached skill level 5 in Axes
  2704 | D:3      | Reached XP level 5. HP: 29/41 MP: 5/5
  2998 | D:3      | Found Daocsar's Antique Armour Emporium.
  3241 | D:4      | Found a staircase to the Ecumenical Temple.
  3260 | D:4      | Noticed Dowan
  3265 | D:4      | Noticed Ijyb
  3266 | D:4      | Noticed Dowan
  3266 | D:4      | Dowan changed into Dowan the boggart
  3267 | D:4      | Noticed Duvessa
  3272 | D:4      | Reached skill level 6 in Axes
  3276 | D:4      | Killed Duvessa
  3277 | D:4      | Gained mutation: Your touch may inflict irresistible damage
                  | on your foes. [demonic ancestry]
  3277 | D:4      | Reached XP level 6. HP: 38/47 MP: 6/6
  3280 | D:4      | Killed Dowan the boggart
  3292 | Temple   | Entered the Ecumenical Temple
  3483 | D:4      | Killed Ijyb
  3484 | D:4      | Reached skill level 7 in Axes
  3805 | D:4      | Gained mutation: When hurt, damage is shared between your
                  | health and your magic reserves. [demonic ancestry]
  3805 | D:4      | Reached XP level 7. HP: 51/52 MP: 7/7
  4129 | D:5      | Entered Level 5 of the Dungeon
  4290 | D:5      | Reached skill level 8 in Axes
  4785 | D:5      | Noticed a kobold demonologist
  4795 | D:5      | Killed a kobold demonologist
  4796 | D:5      | Reached skill level 9 in Axes
  4796 | D:5      | Gained mutation: You regenerate a little health from kills.
                  | [demonic ancestry]
  4796 | D:5      | Reached XP level 8. HP: 58/58 MP: 8/8
  5162 | D:5      | Found a hide-covered altar of Uskayaw.
  5306 | D:6      | Reached skill level 1 in Throwing
  5476 | D:6      | Reached skill level 10 in Axes
  6368 | D:6      | Found an iron altar of Okawaru.
  6863 | D:7      | Found a sacrificial altar of Ru.
  7182 | D:7      | Gained mutation: Your touch may irresistibly damage your
                  | foes and sap their willpower. [demonic ancestry]
  7182 | D:7      | Reached XP level 9. HP: 63/63 MP: 7/9
  8015 | D:7      | Noticed Joseph
  8160 | D:7      | Noticed Joseph
  8160 | D:7      | Joseph changed into Joseph the howler monkey
  8163 | D:7      | Killed Joseph the howler monkey
  8620 | D:6      | Found a sparkling altar of Nemelex Xobeh.
  8620 | D:6      | Found a shimmering altar of Xom.
  8623 | D:6      | Found an ornate altar of the Wu Jian Council.
  8666 | D:8      | Reached skill level 11 in Axes
  8666 | D:8      | Reached skill level 5 in Throwing
  8846 | D:8      | Noticed Erica
  8976 | D:8      | Killed Erica
  9327 | D:8      | Noticed Prince Ribbit
  9342 | D:8      | Killed Prince Ribbit
  9925 | D:8      | Found Yhyquem's Self-Improvement Boutique.
  9938 | D:8      | Reached XP level 10. HP: 70/70 MP: 8/10
 10167 | D:8      | Found a large runed translucent door.
 10167 | D:8      | Found a large runed translucent door.
 10168 | D:8      | Noticed arthad's ghost (novice GnWr)
 10216 | D:8      | Found the +3 hat of Pondering {ponderous, Will+ MP+10
                  | Int+5}
 10220 | D:8      | Noticed Harold
 10243 | D:8      | Killed Harold
 10244 | D:8      | Reached skill level 12 in Axes
 10397 | D:8      | Noticed a two-headed ogre
 10414 | D:8      | Killed a two-headed ogre
 11049 | D:8      | Killed arthad's ghost
 11968 | D:9      | Found a staircase to the Lair.
 13183 | D:10     | Entered Level 10 of the Dungeon
 13649 | D:10     | Reached skill level 13 in Axes
 13709 | D:10     | Found an ancient bone altar of Kikubaaqudgha.
 14028 | D:10     | Found a hazy altar of Hepliaklqana.
 14084 | D:10     | Gained mutation: Your movements are slightly less
                  | encumbered by armour. (ER -2) [demonic ancestry]
 14084 | D:10     | Reached XP level 11. HP: 75/75 MP: 11/11
 14547 | D:3      | Bought a runed cloak for 150 gold pieces
 14547 | D:3      | Bought an ichor-stained chain mail for 190 gold pieces
 14547 | D:3      | Identified the +1 chain mail of Urghimes {Fly rPois rC+
                  | Slay-2 Stlth+} (You bought it in a shop on level 3 of the
                  | Dungeon)
 14710 | Lair:1   | Entered Level 1 of the Lair of Beasts
 15227 | Lair:1   | You are sucked into a shaft and drop 1 floor!
 15227 | Lair:2   | Noticed a six-headed hydra
 15238 | Lair:2   | Killed a two-headed hydra
 16266 | Lair:2   | Reached skill level 10 in Throwing
 17011 | Lair:1   | Reached skill level 14 in Axes
 17012 | Lair:1   | Noticed a five-headed hydra
 17026 | Lair:1   | HP: 2/75 [three-headed hydra (3)]
 17026 | Lair:1   | Mangled by a three-headed hydra

Illustrated notes

Levels and vault maps discovered:
D:1:      lordsloth_arrival_two_stooges, layout_basic, grunt_decor_fettered,
          minmay_misc_feat_diagonals, nicolae_concentric_dashed_squares_wild
D:2:      layout_rooms, hangedman_decor_clover_reticule
D:3:      layout_basic, serial_shops, shop, kennysheep_path_1
D:4:      layout_rooms, temple_doors_e, uniq_duvessa, uniq_ijyb
D:5:      layout_loops_cross, nicolae_uskayaw_suspiria, item_on_display_a
D:6:      layout_rooms, nicolae_overflow_hidden_temple, grunt_ministairs_6
D:7:      layout_loops_ring, nicolae_ru_awakened_eye, palyth_stone_intersect,
          minmay_misc_feat_alley, minivault_27, uniq_joseph
D:8:      layout_loops_ring, ebering_ghost_disaster_area,
          nicolae_shop_self_help, uniq_harold, uniq_erica, uniq_prince_ribbit1
D:9:      layout_grid_maze, grunt_lair_entry_orc_guard_hut
D:10:     layout_loops_cross, mainiacjoe_overflow_alcove_2,
          kennysheep_little_box
Temple:   dshaligram_water_room_temple
Lair:1:   layout_small_grid, minivault_27, grunt_forest_small_clearing_treed,
          uniq_maggie
Lair:2:   layout_cave_pods, swamp_mist_pool

Skill      XL: |  1  2  3  4  5  6  7  8  9 10 11 |
---------------+----------------------------------+-----
Axes           | 3 4 5 6 7 9 10 11 13 14 | 14.0
Throwing       | 3 6 8 10 | 10.3
Fighting       | |  3.0
Armour         | |  1.7
Dodging        | |  1.7

Action                   |  1- 3 |  4- 6 |  7- 9 | 10-12 || total
-------------------------+-------+-------+-------+-------++-------
Melee: Hand axe          |   101 |    82 |   284 |   284 ||   751
       Touch             |     8 |    15 |    64 |    48 ||   135
       Punch             |       |       |     4 |     4 ||     8
       Battleaxe         |       |       |       |    20 ||    20
       Scimitar          |       |       |       |    10 ||    10
Throw: Dart              |       |     2 |    12 |    34 ||    48
       Stone             |       |     1 |     2 |     1 ||     4
       Boomerang         |       |       |    20 |       ||    20
       Throwing net      |       |       |       |     4 ||     4
Invok: Berserk           |     1 |     4 |    21 |    21 ||    47
       Trog's Hand       |       |       |     1 |       ||     1
Evoke: Wand              |       |     1 |    13 |    22 ||    36
  Use: Potion            |       |     4 |     8 |       ||    12
       Scroll            |       |       |       |     9 ||     9
 Stab: Sleeping          |     1 |       |       |       ||     1
       Paralysed         |       |       |       |     2 ||     2
       Held in net/web   |       |       |       |     1 ||     1
Armor: Animal skin       |    23 |     1 |       |       ||    24
       Ring mail         |       |    25 |    54 |     8 ||    87
       Skin              |       |     2 |       |       ||     2
       Acid dragon scale |       |       |       |    14 ||    14
       Chain mail        |       |       |       |    67 ||    67
Dodge: Dodged            |    80 |    41 |   118 |   102 ||   341
Block: Other             |       |    23 |    49 |    48 ||   120
       Reflection        |       |     2 |     1 |       ||     3

Table legend: (Time is in decaauts)
 A = Elapsed time spent in this place.
 B = Non-inter-level travel time spent in this place.
 C = Inter-level travel time spent in this place.
 D = Time resting spent in this place.
 E = Time spent auto-exploring this place.
 F = Levels seen in this place.
 G = Mean time per level.
                   A        B        C        D        E       F      G
               +--------+--------+--------+--------+--------+-----+--------+
         Total |  17364 |  16325 |   1039 |   8049 |   6535 |  13 | 1335.7 |
       Dungeon |  14792 |  13759 |   1033 |   6025 |   6280 |  10 | 1479.2 |
        Temple |    194 |    194 |      0 |    182 |      0 |   1 |  194.0 |
          Lair |   2376 |   2371 |      5 |   1841 |    255 |   2 | 1188.0 |
               +--------+--------+--------+--------+--------+-----+--------+

Top non-repeatable levels by time:
     D:7: 2351 daAuts
     D:8: 2331 daAuts
     D:9: 1971 daAuts
  Lair:2: 1589 daAuts
     D:5: 1370 daAuts
     D:6: 1328 daAuts
    D:10: 1280 daAuts
     D:1: 1222 daAuts
     D:3: 1105 daAuts
     D:2: 957 daAuts
     D:4: 874 daAuts
  Lair:1: 787 daAuts
  Temple: 194 daAuts
